 Dungeon Crawl Stone Soup version 0.29-a0-824-gd827844252 (webtiles) character file.

Game seed: 12073562159159384815

50 buhh the Insei (level 3, 0/24 HPs)
             Began as an Octopode Transmuter on July 9, 2022.
             Slain by a gnoll
             ... wielding a +0 halberd
              (14 damage)
             ... on level 2 of the Dungeon.
             The game lasted 00:01:14 (1895 turns).

buhh the Insei (Octopode Transmuter)                Turns: 1895, Time: 00:01:15

Health: 0/24       AC:  1    Str:  9    XL:     3   Next: 79%
Magic:  5/6        EV: 13    Int: 17    God:
Gold:   87         SH:  0    Dex: 12    Spells: 5/6 levels left

rFire   . . .      SeeInvis .     - Unarmed
rCold   . . .      Faith    .   (no shield)
rNeg    . . .      Spirit   .   (helmet currently unavailable)
rPois   .          Reflect  .   (no amulet)
rElec   .          Harm     .   (no ring)
rCorr   .          Rampage  .   (no ring)
Will    .....                   (no ring)
Stlth   +++.......              (no ring)
HPRegen 0.08/turn               (no ring)
MPRegen 0.10/turn               (no ring)
                                (no ring)
                                (no ring)

@: appendages
A: tentacle spike 3, almost no armour, amphibious, 8 rings, camouflage 1,
gelatinous body 1, (nimble swimmer 1), tentacles
a: End Transformation


You were on level 2 of the Dungeon.
One of your tentacles had grown a beastly spike.
You visited 1 branch of the dungeon, and saw 2 of its levels.

You collected 87 gold pieces.

Inventory:

Jewellery
 a - an amulet of faith
Scrolls
 b - 2 scrolls of identify {!d}
 h - a scroll of poison
 i - a scroll of noise
Potions
 c - a potion of haste {unknown}
 e - 3 potions of attraction {unknown}
 f - a potion of curing {unknown}


   Skills:
 + Level 1.8 Fighting
 + Level 2.5 Dodging
 - Level 2.0 Stealth
 + Level 3.4 Unarmed Combat
 - Level 2.0 Spellcasting
 - Level 2.0 Transmutations
 - Level 1.0 Poison Magic


You had 5 spell levels left.
You knew the following spells:

 Your Spells              Type           Power      Damage    Failure   Level
a - Beastly Appendage     Tmut           16%        N/A       9%          1

Your spell library contained the following spells:

 Spells                   Type           Power      Damage    Failure   Level
 Wereblood                Tmut           8%         N/A       13%         2
 Slow                     Hex            4%         N/A       19%         1
 Spider Form              Tmut/Pois      6%         N/A       30%         3
 Confusing Touch          Hex            1%         N/A       50%         3
 Vampiric Draining        Necr           1%         2d6       50%         3
 Ice Form                 Ice/Tmut       5%         N/A       77%         4


Dungeon Overview and Level Annotations

Branches:
Dungeon (2/15) Zot: 10109

Altars:


Innate Abilities, Weirdness & Mutations

One of your tentacles has grown a beastly spike.
You cannot wear most types of armour.
You are amphibious.
You can wear up to eight rings at the same time.
Your skin changes colour to match your surroundings (Stealth+).
Your rubbery body absorbs attacks. (AC +1, EV +1)
((You are camouflaged when in or above water. (Stealth+)))
You have tentacles for arms and can constrict up to eight enemies at once.


Message History

No reachable target in view!
A dart slug is nearby!
A gnoll comes into view. It is wielding a +0 flail.
Your transformation is almost over. 2 gnolls come into view.
An adder comes into view.
The gnoll shouts! x2; You hear a shout! x2
A gnoll comes into view. It is wielding a +0 flail.
The gnoll hits you with a +0 halberd!
Ouch! That really hurt!
Okay, then.
The gnoll closely misses you.
Okay, then.
Okay, then.
As you read the scroll of teleportation {!d}, it crumbles to dust.
You feel strangely unstable. The gnoll barely misses you.
Your tentacle spike disappears.
Your surroundings suddenly seem different.
Key pressed, stopping explore.
A gnoll is nearby!
A gnoll is nearby!
One of your tentacles grows a vicious spike.
The gnoll shouts!
(D) Dungeon
Where to? (Enter - D:2, ? - help)
The gnoll hits you from afar with a +0 halberd!
The gnoll misses you.
You tentacle-slap the gnoll. Your grab misses the gnoll.
Your tentacle spike misses the gnoll.
The gnoll is moderately wounded.
The gnoll closely misses you.
You tentacle-slap the gnoll. Your grab misses the gnoll.
Your tentacle spike misses the gnoll.
The gnoll is heavily wounded.
The gnoll barely misses you.
You barely miss the gnoll. You grab the gnoll.
The gnoll is heavily wounded.
You constrict the gnoll. The gnoll hits you with a +0 halberd!
Ouch! That really hurt!
You die...

..#####.####.##....#.######.#####
..#####.####.##....#.######.###
(.............#...............###
.........####......######.#.#....
.....≈.≈...#...≈.###...##.#.#..##
...#.....#...#[......#.##..#...#
.≈....#§...§....#....#....###<##
...#....§#...#......####.## ##.#
...).§.≈..§§...≈@≈...#....###.##
≈.≈.....§§§§≈...g....#.###.#.##
§...#...#.§.§.#...#....# ##.##
.#§..)≈....#....≈...#### #.#
....#...#....g#...#.# #.#
≈.≈..§.§.g≈.≈.......# ##.#
...[.§.≈.....§.≈.≈..######..##
...#§§...#...#....§§##.>.....#
.≈....#....≈....#...##.###.#.#


You could see 3 gnolls.

Vanquished Creatures
  An adder (D:2)
  2 dart slugs (D:2)
  A ball python (D:1)
  4 endoplasms
  5 giant cockroaches
  3 goblins (D:1)
  2 hobgoblins (D:2)
  3 jackals (D:2)
  A quokka (D:2)
  A bat (D:1)
  4 frilled lizards
  4 kobolds
  3 rats (D:2)
34 creatures vanquished.

Notes
Turn   | Place    | Note
-------+----------+-------------------------------------------
     0 | D:1      | buhh the Octopode Transmuter began the quest for the Orb.
     0 | D:1      | Reached XP level 1. HP: 13/13 MP: 3/3
   181 | D:1      | Reached XP level 2. HP: 8/18 MP: 3/5
   531 | D:1      | Found a faded altar of an unknown god.
  1242 | D:2      | Reached XP level 3. HP: 23/23 MP: 4/6
  1895 | D:2      | Slain by a gnoll

Illustrated notes

Levels and vault maps discovered:
D:1:      wander_arrival_peaceful_grave, layout_loops_cross,
          basic_ecumenical_altar
D:2:      layout_loops_cross, reono_crystal_passage,
          nicolae_kite_square_tiling_tiny, minmay_domino_2

Skill      XL: |  1  2 |
---------------+-------+-----
Stealth        | 1 2 |  2.0
Poison Magic   | 1 |  1.0
Fighting       | |  1.8
Dodging        | |  2.5
Unarmed Combat | |  3.4
Spellcasting   | |  2.0
Transmutations | |  2.0

Action                   || total
-------------------------++-------
Melee: Unarmed           ||    78
       Kick              ||    16
       Tentacles         ||     6
       Constrict         ||    15
       Punch             ||     2
 Cast: Beastly Appendage ||    18
  Use: Scroll            ||     6
       Potion            ||     1
 Stab: Sleeping          ||     5
Armor: Skin              ||    12
Dodge: Dodged            ||    52

Table legend: (Time is in decaauts)
 A = Elapsed time spent in this place.
 B = Non-inter-level travel time spent in this place.
 C = Inter-level travel time spent in this place.
 D = Time resting spent in this place.
 E = Time spent auto-exploring this place.
 F = Levels seen in this place.
 G = Mean time per level.
                   A        B        C        D        E       F      G
               +--------+--------+--------+--------+--------+-----+--------+
         Total |   1889 |   1884 |      5 |      0 |   1679 |   2 |  944.5 |
       Dungeon |   1889 |   1884 |      5 |      0 |   1679 |   2 |  944.5 |
               +--------+--------+--------+--------+--------+-----+--------+

Top non-repeatable levels by time:
     D:1: 1121 daAuts
     D:2: 768 daAuts
